 Dungeon Crawl Stone Soup version 0.23.2 (webtiles) character file.

Game seed: 12943202318135632978

1890 Kairos the Spear-Bearer (level 9, -6/71 HPs)
             Began as a Formicid Abyssal Knight on Apr 10, 2019.
             Was an Elder of Lugonu.
             Mangled by a wight
             ... wielding a +0 scimitar
              (8 damage)
             ... on level 6 of the Dungeon.
             The game lasted 00:10:11 (5387 turns).

Kairos the Spear-Bearer (Formicid Abyssal Knight)   Turns: 5387, Time: 00:10:12

Health: -6/71      AC: 16    Str: 20    XL:     9   Next: 37%
Magic:  19/20      EV:  6    Int: 12    God:    Lugonu [****..]
Gold:   472        SH: 11    Dex: 10    Spells: 8/8 levels left

rFire    . . .     SeeInvis +   u - +3 quarterstaff (chaos)
rCold    . . .     Gourm    .   B - +0 large shield
rNeg     . . .     Faith    .   y - +2 ring mail of the Blessed Realm {rCorr}
rPois    +         Spirit   .   (helmet unavailable)
rElec    .         Reflect  .   v - +0 cloak
rCorr    +         Harm     +   b - +1 pair of gloves
MR       .....                  (no boots)
Stlth    ..........             z - amulet of harm
HPRegen  0.21/turn              h - +5 ring of protection
MPRegen  0.17/turn              n - ring of magical power

@: heavily drained
A: permanent stasis, dig shafts and tunnels, four strong arms, antennae 3,
mutation resistance 1, sense surroundings 1, poison resistance, MP-powered wands
a: Dig, Shaft Self, Depart the Abyss, Bend Space, Banish, Corrupt, Renounce
Religion


You were on level 6 of the Dungeon.
You worshipped Lugonu.
Lugonu was greatly pleased with you.
You were hungry.

You visited 1 branch of the dungeon, and saw 6 of its levels.
You visited the Abyss 1 time.

You collected 472 gold pieces.

Inventory:

Hand Weapons
 a - a +1 spear
 u - a +3 quarterstaff of chaos (weapon)
Missiles
 j - 10 javelins (quivered)
Armour
 b - a +1 pair of gloves (worn)
 d - the +0 ice dragon scales of the Unbroken {rF- rC++ Int+5}
   (You found it on level 2 of the Abyss)

   It affects your intelligence (+5).
   It makes you vulnerable to fire.
   It greatly protects you from cold.
 l - a +1 ring mail of cold resistance
 v - a +0 cloak (worn)
 y - the +2 ring mail of the Blessed Realm (worn) {rCorr}
   (You found it on level 5 of the Dungeon)

   It provides partial protection from all sources of acid and corrosion.
 B - a +0 large shield (worn)
Jewellery
 f - an uncursed ring of wizardry
 h - a +5 ring of protection (left hand)
 n - a ring of magical power (right hand)
 z - an amulet of harm (around neck)
Wands
 o - a wand of acid (7)
 r - a wand of flame (21)
Scrolls
 g - a scroll of fog
 k - 4 scrolls of remove curse
 m - 3 scrolls of amnesia
 q - 4 scrolls of enchant weapon {unknown}
 s - 2 scrolls of blinking {unknown}
 t - a scroll of noise {unknown}
 w - a scroll of enchant armour {unknown}
 A - 2 scrolls of identify
Potions
 e - a potion of lignification {unknown}
 i - 3 potions of curing {unknown}
 p - a potion of mutation
 x - a potion of ambrosia {unknown}
Comestibles
 c - 3 rations


   Skills:
 + Level 6.5(5.3) Fighting
 + Level 8.0(6.8) Polearms
 + Level 0.3(3.8) Staves
 + Level 6.0(4.8) Armour
 + Level 3.1(1.9) Dodging
 + Level 1.0(0.0) Stealth
 + Level 0.3(0.0) Shields
 + Level 2.8(1.7) Invocations
 + Level 1.6(0.5) Evocations


You had 8 spell levels left.
You didn't know any spells.
Your spell library contained the following spells:

 Spells                   Type           Power        Failure   Level  Hunger
 Freeze                   Ice            #...         100%        1    ##.....
 Throw Frost              Conj/Ice       #.....       100%        2    ###....
 Ozocubu's Armour         Chrm/Ice       #.......     100%        3    ####...
 Summon Ice Beast         Ice/Summ       #.......     100%        4    #####..
 Throw Icicle             Conj/Ice       #.......     100%        4    #####..


Dungeon Overview and Level Annotations

Branches:
Dungeon (6/15)
 Temple: D:4-7

Altars:


Innate Abilities, Weirdness & Mutations

You cannot be hasted, slowed, berserked, paralysed or teleported.
You can dig through walls and to a lower floor.
Your four strong arms can wield two-handed weapons with a shield.
You have a pair of large antennae on your head. (SInv)
You are somewhat resistant to further mutation.
You passively map a small area around you.
Your system is resistant to poisons. (rPois)
You expend magic power (3 MP) to strengthen your wands.


Message History

You are too injured to fight recklessly!
You are too injured to fight recklessly!
Unknown command.
You block the wight's attack.
Your shield prevents you from hitting the wight.
The wight is almost destroyed.
You block the wight's attack.
The wight hits you from afar with a cursed +5 trident.
* * * LOW HITPOINT WARNING * * *
The wight hits you from afar with a cursed +5 trident.
* * * LOW HITPOINT WARNING * * *
The wight hits you with a +0 scimitar!
* * * LOW HITPOINT WARNING * * *
You feel drained.
* * * LOW HITPOINT WARNING * * *
The wight hits you but does no damage. Space bends around you!
You blink.
The wight hits you but does no damage. x2
You don't have enough health at the moment.
The wight hits you with a +0 scimitar!
You die...

** , *### ,,
###).##, , *
###z†?..# , ,
##.z#.$>.....
#@z.###...... ,
#.§## .......
#...##.......
####..#....##..
##...........
,.
#....##.#.....
, #....#.....##
#..............
##........##...


You could see 3 wights.

Vanquished Creatures
  The ghost of Paps the Sneak, a novice OpFi of Gozag (D:5)
  A hungry ghost (D:2)
  A necrophage (D:5)
  2 ogres
  A centaur (D:6)
  A bullfrog (D:6)
  A scorpion (D:5)
  4 wights
  A howler monkey (D:5)
  Crazy Yiuf (D:4)
  3 hounds
  4 jellies
  2 orc wizards (D:4)
  6 worker ants
  2 hound skeletons
  3 gnolls (D:2)
  5 adders
  2 shadow imps
  11 oozes
  An adder zombie (D:5)
  A worm (D:3)
  An adder skeleton (D:5)
  2 dart slugs (D:1)
  4 leopard geckos
  13 orcs
  5 bats
  6 giant cockroaches
  12 hobgoblins
  11 jackals
  5 frilled lizards
  6 goblins
  16 kobolds
  A leopard gecko zombie (D:5)
  2 quokka skeletons (D:4)
  16 rats
154 creatures vanquished.

Vanquished Creatures (others)
  8 fungi (D:4)
  6 toadstools (D:4)
14 creatures vanquished.

Grand Total: 168 creatures vanquished

Notes
Turn   | Place    | Note
-------+----------+-------------------------------------------
     0 | Abyss:1  | Kairos the Formicid Abyssal Knight began the quest for the
                  | Orb.
     0 | Abyss:1  | Reached XP level 1. HP: 18/18 MP: 2/2
   153 | Abyss:2  | Found a corrupted altar of Lugonu.
   165 | Abyss:2  | Noticed an ice beast
   167 | Abyss:2  | Got scorched ice dragon scales
   174 | Abyss:2  | Noticed a wolf spider zombie
   176 | D:1      | Escaped the Abyss
   194 | D:1      | Identified the cursed +0 ice dragon scales of the Unbroken
                  | {rF- rC++ Int+5} (You found it on level 2 of the Abyss)
   595 | D:1      | Reached XP level 2. HP: 25/25 MP: 3/3
   710 | D:1      | Reached skill level 1 in Dodging
   773 | D:1      | Reached XP level 3. HP: 30/30 MP: 4/4
   846 | D:1      | Reached * piety under Lugonu
  1136 | D:1      | Gained mutation: Your system is resistant to poisons.
                  | (rPois) [potion of mutation]
  1136 | D:1      | Gained mutation: You passively map a small area around you.
                  | [potion of mutation]
  1136 | D:1      | Gained mutation: You expend magic power (3 MP) to
                  | strengthen your wands. [potion of mutation]
  1136 | D:1      | Gained mutation: You are somewhat resistant to further
                  | mutation. [potion of mutation]
  1148 | D:2      | Reached XP level 4. HP: 35/37 MP: 5/5
  1155 | D:2      | Reached skill level 3 in Polearms
  1669 | D:2      | Noticed a hungry ghost
  1784 | D:2      | Killed a hungry ghost
  1784 | D:2      | Reached XP level 5. HP: 33/43 MP: 6/6
  1784 | D:2      | Reached XP level 6. HP: 38/49 MP: 7/7
  1788 | D:2      | Reached ** piety under Lugonu
  2124 | D:3      | Reached skill level 4 in Polearms
  2686 | D:4      | Found a runed translucent door.
  2687 | D:4      | Noticed Crazy Yiuf
  2784 | D:4      | Reached XP level 7. HP: 49/55 MP: 8/8
  2904 | D:4      | Reached *** piety under Lugonu
  2975 | D:4      | Reached skill level 5 in Fighting
  2975 | D:4      | Reached skill level 5 in Polearms
  3355 | D:4      | Killed Crazy Yiuf
  3406 | D:5      | Entered Level 5 of the Dungeon
  3556 | D:5      | Found a runed translucent gate.
  3560 | D:5      | Found a runed translucent gate.
  3560 | D:5      | Found a runed translucent gate.
  3945 | D:5      | Reached skill level 6 in Polearms
  3945 | D:5      | Reached XP level 8. HP: 51/62 MP: 10/10
  4533 | D:5      | Reached skill level 7 in Polearms
  4822 | D:5      | Reached skill level 5 in Armour
  4920 | D:5      | Got a jewelled ring mail
  4931 | D:5      | Identified the +2 ring mail of the Blessed Realm {rCorr}
                  | (You found it on level 5 of the Dungeon)
  5287 | D:5      | Noticed Paps's ghost (novice OpFi)
  5303 | D:5      | Killed Paps's ghost
  5303 | D:5      | Reached skill level 1 in Stealth
  5303 | D:5      | Reached XP level 9. HP: 68/69 MP: 11/11
  5331 | D:6      | Reached skill level 8 in Polearms
  5345 | D:6      | Reached skill level 1 in Evocations
  5347 | D:6      | Reached **** piety under Lugonu
  5383 | D:6      | HP: 3/71 [wight/+0 scimitar (3)]
  5387 | D:6      | Mangled by a wight

Skill      XL: |  1  2  3  4  5  6  7  8  9 |
---------------+----------------------------+-----
Dodging        | 1 2 3 |  3.1
Fighting       | 4 5 6 |  6.5
Polearms       | 3 4 6 7 8 |  8.0
Armour         | 3 4 5 6 |  6.0
Stealth        | 1 |  1.0
Evocations     | 1 |  1.6
Staves         | |  0.3
Shields        | |  0.3
Invocations    | |  2.8

Action                   |  1- 3 |  4- 6 |  7- 9 || total
-------------------------+-------+-------+-------++-------
Melee: Spear             |   125 |   306 |   343 ||   774
       Quarterstaff      |       |       |    33 ||    33
Invok: Depart the Abyss  |     1 |       |       ||     1
       Bend Space        |       |       |     6 ||     6
 Abil: Dig               |     1 |     2 |     5 ||     8
Evoke: Wand              |       |       |     5 ||     5
  Use: Potion            |     5 |       |       ||     5
       Scroll            |     2 |     2 |     2 ||     6
 Stab: Distracted        |       |       |     1 ||     1
       Invisible         |       |       |     1 ||     1
  Eat: Ration            |       |     3 |     2 ||     5
       Chunk             |       |     7 |     2 ||     9
Armor: Ice dragon scales |    39 |   124 |   134 ||   297
       Ring mail         |       |       |    27 ||    27
Dodge: Dodged            |    45 |   129 |   126 ||   300
Block: Large shield      |       |       |    27 ||    27
